 Dungeon Crawl Stone Soup version 0.29-a0-565-g7a16c6de65 (webtiles) character file.

Game seed: 6728855852623381205

113 KristoblXynda the Slasher (level 4, 0/34 HPs)
             Began as a Demonspawn Gladiator on June 12, 2022.
             Slain by an orc
             ... wielding a +0 morningstar
              (8 damage)
             ... on level 3 of the Dungeon.
             The game lasted 00:01:58 (2048 turns).

KristoblXynda the Slasher (Demonspawn Gladiator)    Turns: 2048, Time: 00:01:59

Health: 0/34       AC:  6    Str: 16    XL:     4   Next: 65%
Magic:  4/4        EV: 12    Int:  9    God:
Gold:   78         SH:  0    Dex: 15    Spells: 3/3 levels left

rFire   . . .      SeeInvis .   a - +0 long sword
rCold   . . .      Faith    .   (no shield)
rNeg    . . .      Spirit   .   k - +0 ring mail
rPois   .          Reflect  .   c - +0 helmet
rElec   .          Harm     .   (no cloak)
rCorr   .          Rampage  .   (no gloves)
Will    .....                   (no boots)
Stlth   +.........              (no amulet)
HPRegen 0.11/turn               (no ring)
MPRegen 0.09/turn               (no ring)

@: no status effects
A: demonic touch 1
a: no special abilities


You were on level 3 of the Dungeon.
You visited 1 branch of the dungeon, and saw 3 of its levels.

You collected 78 gold pieces.

Inventory:

Hand Weapons
 a - a +0 long sword (weapon)
Missiles
 d - 3 throwing nets (quivered)
 e - a javelin
Armour
 c - a +0 helmet (worn)
 k - a +0 ring mail (worn)
Potions
 f - 2 potions of magic
 h - 2 potions of attraction
 l - 2 potions of curing
 m - a potion of brilliance
 n - a potion of ambrosia


   Skills:
 + Level 2.8 Fighting
 * Level 3.9 Long Blades
 - Level 2.0 Throwing
 + Level 3.3 Dodging


You had 3 spell levels left.
You didn't know any spells.
Your spell library contained the following spells:

 Spells                   Type           Power      Damage    Failure   Level
 Gell's Gravitas          Tloc           0%         N/A       93%         3
 Stone Arrow              Conj/Erth      0%         3d7       93%         3
 Teleport Other           Tloc           0%         N/A       93%         3
 Animate Armour           Summ/Erth      0%         N/A       100%        4
 Dispersal                Tloc           0%         N/A       100%        6
 Lehudib's Crystal Spear  Conj/Erth      0%         10d2      100%        8


Dungeon Overview and Level Annotations

Branches:
Dungeon (3/15)

Altars:

Shops:
D:2 =


Innate Abilities, Weirdness & Mutations

Your touch may inflict minor irresistible damage on your foes.


Message History

Unknown command.
As you read the scroll of identify, it crumbles to dust.
n - a potion of ambrosia Unknown command.
As you read the scroll of identify, it crumbles to dust.
m - a potion of brilliance
As you read the scroll of identify, it crumbles to dust.
g - a potion of degeneration You drop a potion of degeneration.
An orc comes into view. It is wielding a +0 club.
The orc shouts!
You hear a shout!
Unknown command.
An orc comes into view. It is wielding a +0 morningstar.
The orc shouts!
An orc comes into view. It is wielding a +0 trident.
Unknown command.
You closely miss the orc.
You touch the orc!
You kill the orc!
The orc throws a boomerang.
The boomerang hits you.
The orc throws a boomerang.
The boomerang hits you.
You see here a +0 club.
The orc closely misses you.
You barely miss the orc. The orc hits you with a +0 morningstar!
The orc hits you with a +0 trident.
You are too injured to fight recklessly!
You are too injured to fight recklessly!
You are too injured to fight recklessly!
You closely miss the orc.
You touch the orc.
The orc is almost dead.
The orc hits you with a +0 morningstar!
* * * LOW HITPOINT WARNING * * *
The orc barely misses you. The orc misses you. The orc closely misses you.
You slash the orc!
You kill the orc!
The orc barely misses you.
Unknown command.
You closely miss the orc.
The orc is almost dead.
The orc hits you with a +0 morningstar!
You die...

#.## #... ## .#.###
.#### ...
....####.....
#..#..........#.#
#........#......#
#....)o......#.##.
#.....@.......... .
#.#....).......##..
#......#...........
###.....).........
#.....#..§§§...#
#.#.#.##§§§#####
#......§.§§#
.......§§§§#
#.##...#§§§§§......


You could see an orc.

Vanquished Creatures
  Terence (D:2)
  3 adders (D:2)
  2 worms (D:2)
  2 dart slugs
  2 orcs (D:3)
  6 bats
  An endoplasm (D:1)
  2 giant cockroaches
  A goblin (D:1)
  6 hobgoblins
  3 jackals (D:2)
  A quokka (D:1)
  4 ball pythons (D:1)
  5 frilled lizards
  5 kobolds
  11 rats
55 creatures vanquished.

Notes
Turn   | Place    | Note
-------+----------+-------------------------------------------
     0 | D:1      | KristoblXynda the Demonspawn Gladiator began the quest for
                  | the Orb.
     0 | D:1      | Reached XP level 1. HP: 16/16 MP: 1/1
   237 | D:1      | Gained mutation: Your touch may inflict minor irresistible
                  | damage on your foes. [demonic ancestry]
   237 | D:1      | Reached XP level 2. HP: 20/22 MP: 2/2
   759 | D:2      | Reached XP level 3. HP: 25/28 MP: 3/3
   981 | D:2      | Found Fistro's Jewellery Boutique.
  1046 | D:2      | Found a faded altar of an unknown god.
  1164 | D:2      | Noticed Terence
  1173 | D:2      | Killed Terence
  1174 | D:2      | Reached XP level 4. HP: 13/34 MP: 4/4
  2048 | D:3      | Slain by an orc

Illustrated notes

Levels and vault maps discovered:
D:1:      minmay_arrival_hallway, layout_loops_ring
D:2:      layout_basic, serial_shops, shop_statue,
          ebering_ecumenical_altar_rust, uniq_terence
D:3:      layout_basic, tso_altar, mainiacjoe_overflow_concentric_impassable,
          cheibrodos_sewer_entry_sluice, corexii_leaking_fountain, minivault_19,
          corexii_item_surrounded_by_moat

Skill      XL: |  1  2 |
---------------+-------+-----
Throwing       | 2 |  2.0
Long Blades    | 3 |  3.9
Dodging        | 3 |  3.3
Fighting       | |  2.8

Action                   |  1- 3 |  4- 6 || total
-------------------------+-------+-------++-------
Melee: Long sword        |   106 |    31 ||   137
       Touch             |    17 |     6 ||    23
  Use: Scroll            |       |     9 ||     9
 Stab: Distracted        |     1 |       ||     1
Armor: Leather armour    |    31 |     6 ||    37
       Ring mail         |       |     1 ||     1
Dodge: Dodged            |    78 |    28 ||   106

Table legend: (Time is in decaauts)
 A = Elapsed time spent in this place.
 B = Non-inter-level travel time spent in this place.
 C = Inter-level travel time spent in this place.
 D = Time resting spent in this place.
 E = Time spent auto-exploring this place.
 F = Levels seen in this place.
 G = Mean time per level.
                   A        B        C        D        E       F      G
               +--------+--------+--------+--------+--------+-----+--------+
         Total |   2080 |   2035 |     45 |    288 |   1353 |   3 |  693.3 |
       Dungeon |   2080 |   2035 |     45 |    288 |   1353 |   3 |  693.3 |
               +--------+--------+--------+--------+--------+-----+--------+

Top non-repeatable levels by time:
     D:2: 1291 daAuts
     D:1: 760 daAuts
     D:3: 27 daAuts
